 Dungeon Crawl Stone Soup version 0.27-a0-1277-g3808f8b1c9 (webtiles) character file.

Game seed: 96947030155219722

113 Johnny the Magician (level 4, -14/27 HPs)
             Began as a Deep Elf Earth Elementalist on June 12, 2021.
             Killed from afar by a steam dragon (19 damage)
             ... with a ball of steam
             ... on level 4 of the Dungeon.
             The game lasted 00:02:58 (2353 turns).

Johnny the Magician (Deep Elf Earth Elementalist)   Turns: 2353, Time: 00:02:59

Health: -14/27     AC:  8    Str:  5    XL:     4   Next: 65%
Magic:  12/12      EV: 12    Int: 21    God:
Gold:   85         SH:  0    Dex: 15    Spells: 7/11 levels left

rFire    . . .     SeeInvis .   b - +0 dagger
rCold    + . .     Faith    .   (no shield)
rNeg     . . .     Spirit   .   c - +0 robe
rPois    .         Reflect  .   p - +1 helmet
rElec    .         Harm     .   (no cloak)
rCorr    .         Rampage  .   (no gloves)
Will     .....                  (no boots)
Stlth    ++........             (no amulet)
HPRegen  0.09/turn              f - ring of protection from cold
MPRegen  0.13/turn              k - +4 ring of protection

@: no status effects
A: no striking features
a: no special abilities


You were on level 4 of the Dungeon.
You visited 1 branch of the dungeon, and saw 4 of its levels.

You collected 85 gold pieces.

Inventory:

Hand Weapons
 b - a +0 dagger (weapon)
Missiles
 q - 13 stones
Armour
 c - a +0 robe (worn)
 p - a +1 helmet (worn)
Jewellery
 f - a ring of protection from cold (left hand)
 k - a +4 ring of protection (right hand)
Wands
 r - a wand of acid (4)
 s - a wand of flame (8)
Scrolls
 d - 2 scrolls of teleportation {unknown}
 e - a scroll of fog {unknown}
 j - 5 scrolls of identify {unknown}
 l - a scroll of fear {unknown}
 m - a scroll of vulnerability {unknown}
 n - a scroll of enchant weapon {unknown}
 o - 2 scrolls of brand weapon {unknown}
Potions
 a - a potion of haste {unknown}
 g - a potion of mutation {unknown}
 h - 2 potions of curing {unknown}
 i - 2 potions of attraction {unknown}


   Skills:
 * Level 2.4 Fighting
 - Level 2.4 Dodging
 - Level 2.4 Stealth
 + Level 4.2 Spellcasting
 - Level 1.1 Transmutations
 + Level 4.1 Earth Magic


You had 7 spell levels left.
You knew the following spells:

 Your Spells              Type           Power      Damage    Failure   Level
a - Sandblast             Erth           42%        2d11      2%          1
b - Stone Arrow           Conj/Erth      26%        3d8       16%         3

Your spell library contained the following spells:

 Spells                   Type           Power      Damage    Failure   Level
 Passwall                 Tmut/Erth      12%        N/A       6%          2
 Beastly Appendage        Tmut           18%        N/A       8%          1
 Wereblood                Tmut           9%         N/A       12%         2
 Spider Form              Tmut/Pois      3%         N/A       28%         3
 Petrify                  Tmut/Erth      15%        N/A       36%         4
 Lee's Rapid Deconstruct  Erth           10%        3d9*      52%         5
 Ice Form                 Ice/Tmut       6%         N/A       67%         4


Dungeon Overview and Level Annotations

Branches:
Dungeon (4/15)
 Temple: D:4-7

Altars:

Shops:
D:1 [

Annotations:
D:4 1 runed translucent door, DeathSun's ghost, amateur GrFi; Edmund


Message History

Found a runed translucent door.
Found a gold wand.
r - a wand of acid (6)
There are no items here.
Found a ring mail.
DeathSun's ghost turns its malevolent gaze towards you.
DeathSun's ghost wails.
Found a gold piece.
Edmund the Younger comes into view.
He is wielding a +1 vorpal flail.
You see here 22 bolts.
Edmund shouts!
You hear a shout! x2; You hear an angry buzzing noise.
You see here a wand of flame (8).
s - a wand of flame (8)
Aiming: Corrosive Bolt
Press: ? - help, Shift-Dir - straight line, f - Edmund
Aim: Edmund, wielding a +1 vorpal flail and wearing a +0 leather armour (71% to hit)
The bolt of acid hits Edmund!
Edmund is splashed with acid!
The acid corrodes Edmund!
Edmund is heavily wounded.
You hear an angry hiss.
A steam dragon comes into view.
Aiming: Corrosive Bolt
Press: ? - help, Shift-Dir - straight line, f/p - Edmund
Aim: Edmund, wielding a +1 vorpal flail and wearing a +0 leather armour (heavily wounded, covered in acid, 71% to hit)
The bolt of acid hits Edmund!
Edmund is splashed with acid.
Edmund seems to be corroded for longer.
Edmund is almost dead.
An adder comes into view.
The steam dragon breathes steam at you. The ball of steam hits you!
Ouch! That really hurt!
* * * LOW HITPOINT WARNING * * *
Edmund hits you with a +1 vorpal flail.
* * * LOW HITPOINT WARNING * * *
x2 You hear a shout! x2
Unknown command.
The steam dragon breathes steam at you. The ball of steam hits you!!
Ouch! That really hurt!
You die...

#.......# #.......# ## # #
#.......# ##. ..##.
#.......# ##..
#....######.......######...
#..D....##...........##...
#.§..§....................
#...§§§........?##..##...
#..S§.§@.#..#####..##...
#.#...@..##..# #..###..
........[.#....# ...# ##.
......[....###+## .##.# ##
..........###.$.#.. ...
.........## P#. ...
#...####.. #... ##. .. #


You could see Edmund (corroded).

Vanquished Creatures
  An orc wizard (D:3)
  3 adders (D:2)
  5 endoplasms
  4 giant cockroaches
  5 goblins
  3 hobgoblins
  11 jackals
  6 kobolds
  2 quokkas
  2 ball pythons (D:2)
  2 bats (D:2)
  5 frilled lizards
  4 rats
53 creatures vanquished.

Notes
Turn   | Place    | Note
-------+----------+-------------------------------------------
     0 | D:1      | Johnny the Deep Elf Earth Elementalist began the quest for
                  | the Orb.
     0 | D:1      | Reached XP level 1. HP: 10/10 MP: 6/6
   188 | D:1      | Reached XP level 2. HP: 16/16 MP: 6/8
   280 | D:1      | Reached skill level 1 in Fighting
   316 | D:1      | Found a faded altar of an unknown god.
   379 | D:1      | Found Kuhamicvae's Antique Armour Shoppe.
   913 | D:1      | Reached XP level 3. HP: 20/20 MP: 8/10
  1467 | D:2      | Reached XP level 4. HP: 26/26 MP: 7/11
  1865 | D:2      | Learned a level 3 spell: Stone Arrow
  2335 | D:4      | Found a runed translucent door.
  2342 | D:4      | Noticed DeathSun's ghost (amateur GrFi)
  2344 | D:4      | Noticed Edmund
  2349 | D:4      | Noticed a steam dragon
  2353 | D:4      | Killed from afar by a steam dragon

Illustrated notes

Levels and vault maps discovered:
D:1:      lightli_arrival_noodles, layout_loops_ring, serial_shops, shop,
          hellmonk_ecumenical_altar_crossroads
D:2:      layout_rooms, serial_curves, eino_curves_03, eino_curves_02,
          eino_curves_04, minmay_tree_intersection, minivault_4
D:3:      layout_basic, minmay_strange_pillars, lightli_corner_chamber
D:4:      layout_rooms, gammafunk_ghost_grave, portal_sewer_entry_b,
          minmay_misc_feat_columns, minmay_manual_mess, uniq_edmund

Skill      XL: |  1  2  3  4 |
---------------+-------------+-----
Fighting       | 1 2 |  2.4
Spellcasting   | 4 |  4.2
Earth Magic    | 4 |  4.1
Dodging        | |  2.4
Stealth        | |  2.4
Transmutations | |  1.1

Action                   |  1- 3 |  4- 6 || total
-------------------------+-------+-------++-------
Melee: Unarmed           |     5 |       ||     5
       Dagger            |       |    35 ||    35
 Cast: Sandblast         |    64 |     3 ||    67
       Stone Arrow       |       |     8 ||     8
Evoke: Wand              |       |     2 ||     2
Armor: Robe              |     7 |    19 ||    26
Dodge: Dodged            |    23 |    14 ||    37

Table legend: (Time is in decaauts)
 A = Elapsed time spent in this place.
 B = Non-inter-level travel time spent in this place.
 C = Inter-level travel time spent in this place.
 D = Time resting spent in this place.
 E = Time spent auto-exploring this place.
 F = Levels seen in this place.
 G = Mean time per level.
                   A        B        C        D        E       F      G
               +--------+--------+--------+--------+--------+-----+--------+
         Total |   2352 |   2207 |    145 |    263 |   1520 |   4 |  588.0 |
       Dungeon |   2352 |   2207 |    145 |    263 |   1520 |   4 |  588.0 |
               +--------+--------+--------+--------+--------+-----+--------+

Top non-repeatable levels by time:
     D:2: 1097 daAuts
     D:1: 1008 daAuts
     D:4: 224 daAuts
     D:3: 22 daAuts
